 Dungeon Crawl Stone Soup version 0.23-a0-78-gc252fe1 (webtiles) character file.

189 Gergoth the Magician (level 5, 0/37 HPs)
             Began as a Gnoll Wizard on Aug 10, 2018.
             Slain by a gnoll
             ... wielding a +0 flail
              (6 damage)
             ... on level 3 of the Dungeon.
             The game lasted 00:04:26 (2771 turns).

Gergoth the Magician (Gnoll Wizard)                 Turns: 2771, Time: 00:04:27

Health: 0/37       AC:  5    Str:  9    XL:     5   Next: 68%
Magic:  14/14      EV: 14    Int: 21    God:
Gold:   76         SH:  0    Dex: 14    Spells: 17/18 levels left

rFire    . . .     SeeInvis .   h - -1 short sword (curse)
rCold    . . .     Gourm    .   (no shield)
rNeg     . . .     Faith    .   a - +0 robe
rPois    .         Spirit   .   u - +0 helmet
rElec    .         Reflect  .   p - +0 cloak
rCorr    .         Harm     .   l - +0 pair of gloves (curse)
MR       .....                  (no boots)
Stlth    ++........             (no amulet)
HPRegen  0.12/turn              (no ring)
MPRegen  0.14/turn              (no ring)

@: drained
A: distributed training, fangs 1, strong nose
a: no special abilities


You were on level 3 of the Dungeon.
You were hungry.

You visited 1 branch of the dungeon, and saw 3 of its levels.

You collected 76 gold pieces.

Inventory:

Hand Weapons
 h - a cursed -1 short sword (weapon)
 s - a +1 whip of electrocution
Armour
 a - a +0 robe (worn)
 b - a +0 hat
 l - a cursed +0 pair of gloves (worn)
 p - a +0 cloak (worn)
 u - a +0 helmet (worn)
Scrolls
 c - a scroll of blinking {unknown}
 e - 5 scrolls of identify {unknown}
 i - 2 scrolls of teleportation {unknown}
 j - 2 scrolls of enchant weapon {unknown}
 k - a scroll of fog {unknown}
 q - 4 scrolls of remove curse {unknown}
 r - a scroll of enchant armour {unknown}
Potions
 f - a potion of might {unknown}
 g - a potion of flight {unknown}
 m - a potion of cancellation {unknown}
 o - 2 potions of lignification {unknown}
 t - a potion of berserk rage {unknown}
Comestibles
 d - 5 rations
 n - a chunk of flesh


   Skills:
 + Level 1.5(0.9) Fighting
 + Level 1.5(0.9) Short Blades
 + Level 1.5(0.9) Long Blades
 + Level 1.5(0.9) Axes
 + Level 1.5(0.9) Maces & Flails
 + Level 1.5(0.9) Polearms
 + Level 1.5(0.9) Staves
 + Level 1.5(0.9) Slings
 + Level 1.5(0.9) Bows
 + Level 1.5(0.9) Crossbows
 + Level 1.5(0.9) Throwing
 + Level 1.5(0.9) Armour
 + Level 4.8(4.1) Dodging
 + Level 4.4(3.7) Stealth
 + Level 1.5(0.9) Shields
 + Level 1.5(0.9) Unarmed Combat
 + Level 7.3(6.5) Spellcasting
 + Level 2.4(1.7) Conjurations
 + Level 1.2(0.6) Hexes
 + Level 1.2(0.6) Charms
 + Level 2.4(1.7) Summonings
 + Level 1.2(0.6) Necromancy
 + Level 2.4(1.7) Translocations
 + Level 1.2(0.6) Transmutations
 + Level 1.2(0.6) Fire Magic
 + Level 1.2(0.6) Ice Magic
 + Level 1.2(0.6) Air Magic
 + Level 1.2(0.6) Earth Magic
 + Level 1.2(0.6) Poison Magic
 + Level 1.7(1.1) Invocations
 + Level 1.5(0.9) Evocations


You had 17 spell levels left.
You knew the following spells:

 Your Spells              Type           Power        Failure   Level  Hunger
a - Magic Dart            Conj           ##..         4%          1    None

Your spell library contained the following spells:

 Spells                   Type           Power        Failure   Level  Hunger
 Conjure Flame            Conj/Fire      ##......     17%         3    #......
 Slow                     Hex            #.......     11%         2    None
 Mephitic Cloud           Conj/Pois/Air  ##......     19%         3    #......
 Blink                    Tloc           N/A          7%          2    None
 Call Imp                 Summ           ##......     7%          2    None


Dungeon Overview and Level Annotations

Branches:
Dungeon (3/15)

Altars:
Dithmenos


Innate Abilities, Weirdness & Mutations

Your experience applies equally to all skills.
You have very sharp teeth.
Your uncanny sense of smell can sniff out nearby items.


Message History

You start resting.
Some of the chunks of flesh in your inventory have rotted away.
HP restored.
You start resting.
Some of the chunks of flesh in your inventory have rotted away.
Magic restored.
There is a stone staircase leading down here.
You climb downwards.
The gnoll hits you with a flail of draining!
You feel drained. The gnoll hits you with a flail! The gnoll barely misses you.
There is a stone staircase leading up here.
The gnoll hits you with a flail of draining!
* * * LOW HITPOINT WARNING * * *
You feel drained.
* * * LOW HITPOINT WARNING * * *
The gnoll barely misses you.
You are feeling hungry.
There is a stone staircase leading up here.
The gnoll hits you with a flail.
You die...

### ##### ########### #..
....######.........# #.#
#........#######.# #.#
#........# #g#
#.#####........##### #.#
#.#................###.#
#####.#.###................#
####...gg..#
#@gg....####.#####
#.....##.#####.......# #[#
#.##..##..........#### #.#
#..##########.## #.#####
#.g.## #.# #...... #.)..#
#.# ###.##### ##..## ##+##
#........ #..# ##...##
#.#...... ...# ##.....##
#.#.###..


You could see 2 gnolls.

Vanquished Creatures
  An orc wizard (D:3)
  5 gnolls
  3 adders
  2 oozes
  A dart slug (D:2)
  A leopard gecko (D:1)
  4 orcs (D:3)
  2 ball pythons (D:2)
  9 bats
  A giant cockroach (D:1)
  6 goblins
  8 hobgoblins
  6 jackals (D:3)
  9 kobolds
  A quokka (D:2)
  5 frilled lizards
  7 rats
71 creatures vanquished.

Notes
Turn   | Place    | Note
-------+----------+-------------------------------------------
     0 | D:1      | Gergoth the Gnoll Wizard began the quest for the Orb.
     0 | D:1      | Reached XP level 1. HP: 13/13 MP: 8/8
   112 | D:1      | Reached XP level 2. HP: 19/19 MP: 2/10
   620 | D:1      | Reached XP level 3. HP: 25/25 MP: 9/11
   966 | D:2      | Reached skill level 1 in Invocations
  1277 | D:2      | Reached skill level 1 in Fighting
  1277 | D:2      | Reached skill level 1 in Short Blades
  1277 | D:2      | Reached skill level 1 in Long Blades
  1277 | D:2      | Reached skill level 1 in Axes
  1277 | D:2      | Reached skill level 1 in Maces & Flails
  1277 | D:2      | Reached skill level 1 in Polearms
  1277 | D:2      | Reached skill level 1 in Staves
  1277 | D:2      | Reached skill level 1 in Slings
  1277 | D:2      | Reached skill level 1 in Bows
  1277 | D:2      | Reached skill level 1 in Crossbows
  1277 | D:2      | Reached skill level 1 in Throwing
  1277 | D:2      | Reached skill level 1 in Armour
  1277 | D:2      | Reached skill level 1 in Shields
  1277 | D:2      | Reached skill level 1 in Unarmed Combat
  1277 | D:2      | Reached skill level 1 in Evocations
  1290 | D:2      | Reached XP level 4. HP: 32/32 MP: 7/13
  1817 | D:2      | Found a shadowy altar of Dithmenos.
  1958 | D:3      | Reached skill level 1 in Hexes
  1958 | D:3      | Reached skill level 1 in Charms
  1958 | D:3      | Reached skill level 1 in Necromancy
  1958 | D:3      | Reached skill level 1 in Transmutations
  1958 | D:3      | Reached skill level 1 in Fire Magic
  1958 | D:3      | Reached skill level 1 in Ice Magic
  1958 | D:3      | Reached skill level 1 in Air Magic
  1958 | D:3      | Reached skill level 1 in Earth Magic
  1958 | D:3      | Reached skill level 1 in Poison Magic
  2275 | D:3      | Reached XP level 5. HP: 37/37 MP: 9/14
  2771 | D:3      | Slain by a gnoll

Vault maps used:
D:1:      dpeg_arrival_boxorama, minmay_misc_feat_five
D:2:      marbit_many_paths
D:3:      chequers_ecumenical_altar_simple, minmay_statues_item

Skill      XL: |  1  2  3  4 |
---------------+-------------+-----
Conjurations   | 2 |  2.4
Summonings     | 2 |  2.4
Translocations | 2 |  2.4
Invocations    | 1 |  1.7
Fighting       | 1 |  1.5
Short Blades   | 1 |  1.5
Long Blades    | 1 |  1.5
Axes           | 1 |  1.5
Maces & Flails | 1 |  1.5
Polearms       | 1 |  1.5
Staves         | 1 |  1.5
Slings         | 1 |  1.5
Bows           | 1 |  1.5
Crossbows      | 1 |  1.5
Throwing       | 1 |  1.5
Armour         | 1 |  1.5
Shields        | 1 |  1.5
Unarmed Combat | 1 |  1.5
Evocations     | 1 |  1.5
Hexes          | 1 |  1.2
Charms         | 1 |  1.2
Necromancy     | 1 |  1.2
Transmutations | 1 |  1.2
Fire Magic     | 1 |  1.2
Ice Magic      | 1 |  1.2
Air Magic      | 1 |  1.2
Earth Magic    | 1 |  1.2
Poison Magic   | 1 |  1.2
Dodging        | |  4.8
Stealth        | |  4.4
Spellcasting   | |  7.3

Action                   |  1- 3 |  4- 6 || total
-------------------------+-------+-------++-------
Melee: Short sword       |    13 |    16 ||    29
       Bite              |       |     1 ||     1
 Cast: Magic Dart        |    71 |   100 ||   171
 Stab: Sleeping          |     2 |       ||     2
  Eat: Chunk             |     1 |     4 ||     5
Armor: Robe              |     2 |    12 ||    14
Dodge: Dodged            |    21 |    34 ||    55

Table legend:
 A = Non-vault XP
 B = Vault XP
 C = Vault XP percentage of total XP
 D = Non-vault monster count
 E = Vault monster count
 F = Vault count percentage of total count
 G = Total turns spent on level
                 A         B        C        D         E       F
            +---------+---------+-------+---------+---------+-------
      Total |     268 |       2 |   0.7 |      70 |       1 |   1.4
            +---------+---------+-------+---------+---------+-------
        D:1 |      43 |       0 |   0.0 |      23 |       0 |   0.0
        D:2 |      72 |       2 |   2.7 |      23 |       1 |   4.2
        D:3 |     153 |       0 |   0.0 |      24 |       0 |   0.0
            +---------+---------+-------+---------+---------+-------
